 Dungeon Crawl Stone Soup version 0.30-a0-739-gea05faddec (webtiles) character file.

Game seed: 14198646944217105015

1 ASSMAN the Sneak (level 1, 0/21 HPs)
             Began as a Naga Delver on Feb 5, 2023.
             Slain by a worm (11 damage)
             ... on level 5 of the Dungeon.
             The game lasted 00:00:26 (22 turns).

ASSMAN the Sneak (Naga Delver)                        Turns: 22, Time: 00:00:26

Health: 0/21       AC:  1    Str: 14    XL:     1   Next: 20%
Magic:  1/1        EV:  9    Int: 10    God:
Gold:   0          SH:  0    Dex: 12    Spells: 0/0 levels left

rFire   . . .      SeeInvis +    a - +0 hand axe
rCold   . . .      Faith    .    (no shield)
rNeg    . . .      Spirit   .    b - +0 leather armour
rPois   +          Reflect  .    (no helmet)
rElec   .          Harm     .    (no cloak)
rCorr   .          Rampage  .    (no gloves)
Will    .....                    (no barding)
Stlth   +++                      (no amulet)
HPRegen 0.23/turn                (no ring)
MPRegen 0.07/turn                (no ring)

@: short of breath, very slow
A: AC +0, large, see invisible, deformed body, poison resistance, slowness 2,
spit poison 1, naga tail 1
a: Spit Poison


You were on level 5 of the Dungeon.
You visited 1 branch of the dungeon, and saw 1 of its levels.

Inventory:

Hand Weapons
 a - a +0 hand axe (weapon)
Armour
 b - a +0 leather armour (worn)
Wands
 g - a wand of digging (3)
Scrolls
 c - a scroll of fog
 e - a scroll of fear
Potions
 f - a potion of haste


   Skills:
 + Level 3.0 Fighting
 - Level 2.0 Axes
 - Level 1.5 Dodging
 + Level 7.3 Stealth


You couldn't memorise any spells.
You didn't know any spells.
Your spell library was empty.

Dungeon Overview and Level Annotations

Branches:
Dungeon (5/15)
 Temple: D:4-7

Altars:


Innate Abilities, Weirdness & Mutations

Your serpentine skin is tough. (AC +0)
You have supernaturally acute eyesight. (SInv)
Armour fits poorly on your strangely shaped body.
Your system is resistant to poisons. (rPois)
You cover ground very slowly.
You can spit poison.
You have a snake-like lower body.


Message History

You hear the sound of rushing water.
There is an entrance to a sewer on this level.
Hurry and find it before the portal rusts away!
Welcome, ASSMAN the Naga Delver.
Are you destined to find the splendid Orb of Zot, or to die trying?
Press ? for a list of commands and other information.
Found 16 gold pieces.
Found a stone staircase leading down and a stone staircase leading up.
As you read the scroll of magic mapping, it crumbles to dust.
You feel aware of your surroundings.
You sensed 2 altars, and 1 shop/portal.
Found a scroll labelled CEZEZ OTHUM.
A quokka comes into view.
A worm comes into view.
Aiming: Spit Poison (3% risk of failure)
Press: ? - help, Shift-Dir - straight line, f - quokka
Aim: a quokka (38% to hit)
The splash of poison hits the quokka!
You kill the quokka!
A worm comes into view.
You enter the shallow water.
You see here a quokka corpse.
You have got your breath back.
The helpless worm fails to defend itself.
You slash the worm!
The worm is heavily wounded.
You barely miss the worm.
The worm is heavily wounded.
The worm splashes around in the water.
You barely miss the worm.
The worm is heavily wounded.
The worm bites you!
You hit the worm.
The worm is severely wounded.
Aiming: Spit Poison (3% risk of failure)
Press: ? - help, Shift-Dir - straight line, f - worm
Aim: a worm (severely wounded, 84% to hit)
The splash of poison hits the worm.
The worm is poisoned.
The worm is almost dead.
The worm bites you!
Ouch! That really hurt!
You die...

### *** *#~#*****~**
*~~~~~~~~~~*** *~~~****~~~*,*
*************#~#*~~**~**,******
*,,,,,,,,,,,,#w#~~∩~*~*,,>,,,,,
*,*********,,#w#~~~~*~**,******
*,* *,##@##~~**~**,* *,*
*,#~~~#~~*~~~******* ***,***
*,#~~~#~~~~~~*,,,,,*
*,,,,,*******,##†##****~**,,,*,*
,,***,,,,,,,,,*#.#######*,**,*,**
,*,,,,,,,,,****#........*,,,,,,,,
,*,,,,~~,,,* #.###.###*,**,*,**
,,,*,,,,,,,* #.# *,****,**,*,*
,,**+,,,,,,* #.# *,*,,,,**,*,*


You could see 2 worms.

Vanquished Creatures
  A quokka (D:5)
1 creature vanquished.

Notes
Turn   | Place    | Note
-------+----------+-------------------------------------------
     0 | D:5      | ASSMAN the Naga Delver began the quest for the Orb.
     0 | D:5      | Reached XP level 1. HP: 21/21 MP: 1/1
    22 | D:5      | Slain by a worm

Illustrated notes

Levels and vault maps discovered:
D:5:      layout_loops_ring, tso_oasis_becter, lemuel_doored_altar,
          gup_sewer_entry_bubbles

Action                     || total
---------------------------++-------
  Melee: Hand axe          ||     4
Ability: Spit Poison       ||     2
    Use: Scroll            ||     1
   Stab: Sleeping          ||     1

Table legend: (Time is in decaauts)
 A = Elapsed time spent in this place.
 B = Non-inter-level travel time spent in this place.
 C = Inter-level travel time spent in this place.
 D = Time resting spent in this place.
 E = Time spent auto-exploring this place.
 F = Levels seen in this place.
 G = Mean time per level.
                   A        B        C        D        E       F      G
               +--------+--------+--------+--------+--------+-----+--------+
         Total |     29 |     20 |      9 |      0 |      0 |   1 |   29.0 |
       Dungeon |     29 |     20 |      9 |      0 |      0 |   1 |   29.0 |
               +--------+--------+--------+--------+--------+-----+--------+

Top non-repeatable levels by time:
     D:5: 29 daAuts
